 Dungeon Crawl Stone Soup version 0.27-a0-1555-g0e7b3fb1d2 (webtiles) character file.

Game seed: 9708506394323823845

0 Sin92 the Skirmisher (level 1, 0/18 HPs)
             Began as a Demonspawn Fighter on July 14, 2021.
             Frozen to death by an endoplasm (5 damage)
             ... on level 1 of the Dungeon.
             The game lasted 00:00:08 (54 turns).

Sin92 the Skirmisher (Demonspawn Fighter)             Turns: 54, Time: 00:00:08

Health: 0/18       AC:  6    Str: 16    XL:     1   Next: 8%
Magic:  1/1        EV:  6    Int:  9    God:
Gold:   8          SH:  8    Dex: 12    Spells: 0/0 levels left

rFire    . . .     SeeInvis .   a - +0 long sword
rCold    . . .     Faith    .   c - +0 kite shield
rNeg     . . .     Spirit   .   b - +0 scale mail
rPois    .         Reflect  .   (no helmet)
rElec    .         Harm     .   (no cloak)
rCorr    .         Rampage  .   (no gloves)
Will     .....                  (no boots)
Stlth    ..........             (no amulet)
HPRegen  0.06/turn              (no ring)
MPRegen  0.07/turn              (no ring)

@: no status effects
A: no striking features
a: no special abilities


You were on level 1 of the Dungeon.
You visited 1 branch of the dungeon, and saw 1 of its levels.

You collected 8 gold pieces.

Inventory:

Hand Weapons
 a - a +0 long sword (weapon)
Armour
 b - a +0 scale mail (worn)
 c - a +0 kite shield (worn)
Scrolls
 e - a scroll of summoning {unknown}
Potions
 d - a potion of might


   Skills:
 + Level 3.0 Fighting
 + Level 1.7 Long Blades
 + Level 2.7 Armour
 + Level 0.0 Dodging
 + Level 2.7 Shields


You couldn't memorise any spells.
You didn't know any spells.
Your spell library was empty.

Dungeon Overview and Level Annotations

Branches:
Dungeon (1/15)

Altars:


Message History

A bat is nearby!
Your shield and scale mail prevent you from hitting the bat.
The bat hits you but does no damage. The bat hits you.
The bat barely misses you.
You riposte.
You hit the bat but do no damage.
A bat is nearby!
You slash the bat!
You kill the bat!
HP restored.
A rat and an endoplasm come into view.
A goblin comes into view. It is wielding a +0 dagger.
The goblin shouts!
A dart slug comes into view.
There are monsters nearby!
There are monsters nearby!
You barely miss the endoplasm. You block the endoplasm's attack.
You block the rat's attack.
There are monsters nearby!
You hit the rat but do no damage. The endoplasm freezes you.
You are frozen.
You block the rat's attack. You block the endoplasm's attack.
There are monsters nearby!
You closely miss the rat. The rat bites you. The endoplasm hits you.
The rat bites you but does no damage.
Unknown command.
You are too injured to fight recklessly!
Unknown command.
You are too injured to fight recklessly!
Unknown command.
You are too injured to fight recklessly!
You are too injured to fight recklessly!
Unknown command.
You are too injured to fight recklessly!
You hit the endoplasm.
The endoplasm is lightly wounded.
The endoplasm hits you.
* * * LOW HITPOINT WARNING * * *
The rat bites you but does no damage. The goblin hits you but does no damage.
The endoplasm freezes you.
You are frozen.
You die...

#...........
#..#........... .##
#..#........... #...#
#..#.......[... ##.#.###
#..#........... .......#
#..#........... ....#..#
#..#....r......
...###.###..#...@Jw.....
....#...###'#....g......
...........>†......#....
#<.....###......##.# ...
##.....# #......# .# .
#......# #......# .#
.......# #......# #
....#..# #......#
...###............


You could see a dart slug, an endoplasm, a goblin and a rat.

Vanquished Creatures
  A bat (D:1)
1 creature vanquished.

Notes
Turn   | Place    | Note
-------+----------+-------------------------------------------
     0 | D:1      | Sin92 the Demonspawn Fighter began the quest for the Orb.
     0 | D:1      | Reached XP level 1. HP: 18/18 MP: 1/1
    54 | D:1      | Frozen to death by an endoplasm

Illustrated notes

Levels and vault maps discovered:
D:1:      minmay_arrival_five_plusses, layout_basic

Action                   || total
-------------------------++-------
Melee: Long sword        ||     9
Armor: Scale mail        ||     6
Dodge: Dodged            ||     5
Block: Kite shield       ||     4
       Rpst.: Long sword ||     1

Table legend: (Time is in decaauts)
 A = Elapsed time spent in this place.
 B = Non-inter-level travel time spent in this place.
 C = Inter-level travel time spent in this place.
 D = Time resting spent in this place.
 E = Time spent auto-exploring this place.
 F = Levels seen in this place.
 G = Mean time per level.
                   A        B        C        D        E       F      G
               +--------+--------+--------+--------+--------+-----+--------+
         Total |     58 |     58 |      0 |      0 |     40 |   1 |   58.0 |
       Dungeon |     58 |     58 |      0 |      0 |     40 |   1 |   58.0 |
               +--------+--------+--------+--------+--------+-----+--------+

Top non-repeatable levels by time:
     D:1: 58 daAuts
